Map: Terraform LE (Void)

Players

wabbajack

  • Race: Zerg Zerg
  • League: Gold

Google - Winner!

  • Race: Zerg Zerg
  • League: Silver

VOD

Have the link to the VOD?

Description

Time

  • Played on: July 21, 2015, 9:04 p.m.
  • Length: 7:46
Show
View Real Time Build Order
Export as new Build Order

wabbajack Zerg 

Build Orders: Hatch First 

Get SALT Encoding   

  12  0:01  Drone  
  13  0:13  Overlord  
  13  0:19  Drone  
  14  0:24  Extractor  
  14  0:25  Drone  
  15  0:33  Drone  
  16  0:44  Drone  
  17  0:55  Hatchery  
  16  0:59  Drone, Extractor  
  16  1:03  Drone  
  17  1:20  Spawning Pool  
  17  1:25  Drone x2  
  17  1:30  Drone  
  19  1:44  Drone  
  20  1:53  Overlord  
  20  2:07  Queen  
  20  2:08  Queen  
  24  2:10  Metabolic Boost  
  24  2:27  Drone x3  
  24  2:28  Drone x2  
  29  2:39  Roach Warren  
  28  2:47  Overlord x2  
  28  3:03  Spine Crawler  
  27  3:08  Drone  
  28  3:14  Spine Crawler  
  27  3:24  Roach  
  27  3:25  Roach x5  
  39  3:35  Roach  
  39  3:36  Roach x2  
  31  4:13  Drone x2  
  31  4:14  Queen  
  35  4:20  Roach x5  
  35  4:21  Roach  
  47  4:33  Spine Crawler  
  47  4:36  Overlord  
  46  4:38  Zergling x2  
  46  4:39  Zergling x4  
  46  4:40  Zergling x2  
  48  4:57  Queen  
  48  5:06  Spine Crawler  
  47  5:20  Zergling x18  
  56  5:31  Overlord  
  56  5:32  Overlord  
  56  5:38  Lair  
  25  6:13  Drone  
  25  6:14  Drone x11  
  37  6:30  Evolution Chamber  
  36  6:38  Extractor  
  35  6:53  Spine Crawler  
  34  7:16  Hydralisk Den  
  34  7:18  Drone x4  
  34  7:19  Drone  
  34  7:20  Drone x3  
  34  7:21  Drone  
  42  7:24  Drone  
  42  7:25  Drone  
  42  7:28  Extractor  
  42  7:29  Extractor  
Show
View Real Time Build Order
Export as new Build Order

Google Zerg - Winner!

Build Orders: Pool First 

Get SALT Encoding   

  12  0:01  Drone  
  13  0:11  Drone  
  14  0:17  Overlord  
  14  0:22  Extractor  
  14  0:23  Drone  
  15  0:39  Spawning Pool  
  14  0:46  Drone  
  15  1:00  Overlord  
  15  1:03  Drone  
  16  1:26  Zergling x6  
  16  1:28  Queen  
  16  1:32  Extractor  
  20  1:37  Overlord  
  20  1:49  Zergling x2  
  21  2:03  Zergling x2  
  22  2:17  Drone  
  23  2:23  Zergling x2  
  24  2:30  Overlord  
  24  2:36  Zergling x8  
  28  2:37  Hatchery  
  28  2:43  Drone  
  28  3:05  Overlord  
  28  3:09  Drone x2  
  28  3:10  Drone  
  28  3:11  Metabolic Boost  
  28  3:12  Zergling x4  
  33  3:23  Overlord  
  32  3:50  Zergling x4  
  32  3:51  Zergling x10  
  33  4:00  Evolution Chamber  
  29  4:15  Queen  
  31  4:26  Zerg Melee Weapons Level 1  
  31  4:32  Drone x4  
  31  4:33  Zergling x2  
  31  4:34  Zergling x10  
  32  5:03  Zergling x16  
  40  5:27  Zergling x10  
  45  5:34  Zergling x14  
  45  5:35  Zergling x2  
  47  5:51  Zergling x2  
  47  5:52  Zergling x4  
  41  5:59  Zergling x2  
  41  6:00  Zergling x2  
  32  6:12  Zergling x2  
  32  6:13  Zergling x14  
  32  6:15  Drone  
  41  6:37  Zergling x6  
  41  6:38  Zergling x2  
  45  6:41  Queen  
  45  6:46  Zergling x12  
  53  7:10  Zergling x12  
Tags
 
Add a new tag
Caveats
  • Supply blocks, unpowered buildings, or Contaminate may cause inaccurate times.
  • Supply counts are checked every 10 seconds.